 Dungeon Crawl Stone Soup version 0.27-a0-1105-g946c659c87 (webtiles) character file.

Game seed: 15850126311851291387

157 kae the Distorting Demonspawn (level 5, 42/42 HPs)
             Began as a Demonspawn Abyssal Knight on Apr 29, 2021.
             Was a Believer of Lugonu.
             Quit the game on level 2 of the Dungeon.
             The game lasted 00:01:32 (2848 turns).

kae the Distorting Demonspawn (DsAK)                Turns: 2848, Time: 00:01:32

Health: 42/42      AC:  8    Str: 13    XL:     5   Next: 15%
Magic:  7/7        EV: 12    Int: 14    God:    Lugonu [**....]
Gold:   64         SH:  0    Dex: 12    Spells: 4/4 levels left

rFire    . . .     SeeInvis .   a - +1 falchion
rCold    . . .     Faith    .   (no shield)
rNeg     . . .     Spirit   .   e - +3 ring mail
rPois    +         Reflect  .   (helmet restricted)
rElec    .         Harm     .   (no cloak)
rCorr    .         Rampage  .   (no gloves)
Will     .....                  (no boots)
Stlth    +.........             (no amulet)
HPRegen  0.14/turn              c - ring of poison resistance
MPRegen  0.10/turn              (no ring)

@: about to teleport
A: antennae 2, repulsion field 1, demonic guardian 1
a: Renounce Religion, Depart the Abyss, Bend Space


You were on level 2 of the Dungeon.
You worshipped Lugonu.
Lugonu was pleased with you.
You visited 1 branch of the dungeon, and saw 3 of its levels.
You visited the Abyss 1 time.

You collected 64 gold pieces.

Inventory:

Hand Weapons
 a - a +1 falchion (weapon)
Armour
 b - a +0 leather armour
 e - a +3 ring mail (worn)
 j - a +0 pair of gloves
Jewellery
 c - a ring of poison resistance (left hand)
Potions
 d - a potion of haste
 f - a potion of resistance
 g - a potion of flight
 h - a potion of magic {unknown}
 i - a potion of cancellation
 l - a potion of heal wounds {unknown}


   Skills:
 + Level 3.7 Fighting
 * Level 3.3 Long Blades
 + Level 2.7 Armour
 - Level 0.8 Dodging
 + Level 3.7 Invocations


You had 4 spell levels left.
You didn't know any spells.
Your spell library was empty.

Dungeon Overview and Level Annotations

Branches:
Dungeon (3/15)

Altars:
Sif Muna


Innate Abilities, Weirdness & Mutations

You have a pair of antennae on your head.
You are surrounded by a mild repulsion field. (EV +2)
A weak demonic guardian rushes to your aid.


Message History

You kill the worm!
Lugonu accepts your kill.
You sense a monster nearby.
No target in view!
No target in view!
A hobgoblin comes into view.
The hobgoblin shouts!
The hobgoblin barely misses you.
You hit the hobgoblin.
You kill the hobgoblin!
Lugonu accepts your kill.
You see here a hobgoblin corpse.
Done exploring.
No target in view!
No target in view!
Done exploring.
No target in view!
No target in view!
Done exploring.
No target in view!
No target in view!
Done exploring.
(D) Dungeon
Where to? (Enter - D:2 @ (x,y), ? - help)
There is a stone staircase leading down here.
You climb downwards.
A bat and a goblin come into view.
The goblin shouts!
You hear a shout! x2
There is a stone staircase leading up here.
Okay, then.
Okay, then.
As you read the scroll labelled FINTUX BIUFE, it crumbles to dust.
The creatures around you are filled with an inner flame!
It was a scroll of immolation.
As you read the scroll labelled RENATYU NUORE, it crumbles to dust.
You feel strangely unstable.
It was a scroll of teleportation.
The bat hits you but does no damage.
You climb upwards.
There is a stone staircase leading down here.
Are you sure you want to abandon this character and quit the game? (Confirm with "yes".)

.##.##.###.#
##.....#.###.#####
.##.##.# #.#
#....##.#........
.......# #.#
#.#.###..........
###.######.# #.#.#
###.#.####. ...........#
##[#.#####.#.# #.
.##.######.#
#..#.........# #. .##.#
#.# #.########.### #.
###.# #.#####.########.#
#. ....#
#......@.........# #.
#####
#................######.
##
#.#####.#####.##........
.# #.# #.# ##.##########
.# #.# #.# ##...# # .#
#.# #.###.############
.# #.#
#.##.###.......... .#
#.# #....# #.....####.
.# #.# ####.###...### #.


There were no monsters in sight!

Vanquished Creatures
  A killer bee zombie (D:2)
  4 gnolls
  6 adders (D:2)
  A worm (D:2)
  7 endoplasms
  4 goblins
  7 hobgoblins
  A quokka (D:2)
  5 ball pythons
  A bat (D:1)
  3 frilled lizards (D:2)
  5 kobolds
  4 rats
49 creatures vanquished.

Notes
Turn   | Place    | Note
-------+----------+-------------------------------------------
     0 | Abyss:1  | kae the Demonspawn Abyssal Knight began the quest for the
                  | Orb.
     0 | Abyss:1  | Reached XP level 1. HP: 18/18 MP: 2/2
    39 | Abyss:1  | Noticed a starcursed mass
    45 | D:1      | Escaped the Abyss
   123 | D:1      | Gained mutation: You are surrounded by a mild repulsion
                  | field. (EV +2) [demonic ancestry]
   123 | D:1      | Reached XP level 2. HP: 24/24 MP: 4/4
   237 | D:1      | Reached * piety under Lugonu
   567 | D:1      | Found a faded altar of an unknown god.
  1084 | D:2      | Found a shimmering blue altar of Sif Muna.
  1101 | D:2      | Gained mutation: You have a pair of small antennae on your
                  | head. [demonic ancestry]
  1101 | D:2      | Reached XP level 3. HP: 11/29 MP: 5/5
  1826 | D:1      | Gained mutation: A weak demonic guardian rushes to your
                  | aid. [demonic ancestry]
  1826 | D:1      | Reached XP level 4. HP: 33/35 MP: 6/6
  2396 | D:2      | Gained mutation: You have a pair of antennae on your head.
                  | [demonic ancestry]
  2396 | D:2      | Reached XP level 5. HP: 15/42 MP: 7/7
  2764 | D:2      | Reached ** piety under Lugonu
  2848 | D:2      | Quit the game

Illustrated notes

Levels and vault maps discovered:
D:1:      shiori_arrival_elements, layout_basic, ebering_ecumenical_altar_box,
          minmay_strange_pillars, chequers_serial_rivers_marsh, st_stairs_10,
          minmay_fountain_box
D:2:      minmay_recursive_quarters, layout_loops_ring, basic_altar
D:3:      layout_basic, serial_shops, shop, st_stairs_12, uniq_sigmund,
          uniq_grinder

Skill      XL: |  1  2  3  4 |
---------------+-------------+-----
Long Blades    | 2 3 |  3.3
Armour         | 2 |  2.7
Invocations    | 3 |  3.7
Fighting       | |  3.7
Dodging        | |  0.8

Action                   |  1- 3 |  4- 6 || total
-------------------------+-------+-------++-------
Melee: Falchion          |    88 |    71 ||   159
Invok: Depart the Abyss  |     1 |       ||     1
  Use: Scroll            |     6 |     2 ||     8
Armor: Leather armour    |    19 |       ||    19
       Ring mail         |       |    51 ||    51
Dodge: Dodged            |    61 |    79 ||   140
       Rpst.: Falchion   |    20 |    23 ||    43

Table legend: (Time is in decaauts)
 A = Elapsed time spent in this place.
 B = Non-inter-level travel time spent in this place.
 C = Inter-level travel time spent in this place.
 D = Time resting spent in this place.
 E = Time spent auto-exploring this place.
 F = Levels seen in this place.
 G = Mean time per level.
                   A        B        C        D        E       F      G
               +--------+--------+--------+--------+--------+-----+--------+
         Total |   2880 |   2804 |     76 |    428 |   1972 |   4 |  720.0 |
       Dungeon |   2835 |   2759 |     76 |    428 |   1934 |   3 |  945.0 |
         Abyss |     45 |     45 |      0 |      0 |     38 |   1 |   45.0 |
               +--------+--------+--------+--------+--------+-----+--------+

Top non-repeatable levels by time:
     D:2: 1641 daAuts
     D:1: 1190 daAuts
 Abyss:1: 45 daAuts
     D:3: 3 daAuts
